 Dungeon Crawl Stone Soup version 0.22.1-2-g9c5b331 (webtiles) character file.

4851 dvd the Basher (level 10, 0/84 HPs)
             Began as a Minotaur Gladiator on Nov 18, 2018.
             Was a Believer of Okawaru.
             Slain by a death yak (1 damage)
             ... on level 8 of the Dungeon.
             The game lasted 00:16:58 (6723 turns).

dvd the Basher (Minotaur Gladiator)                 Turns: 6723, Time: 00:16:58

Health: 0/84       AC: 11    Str: 23    XL:     10   Next: 25%
Magic:  0/9        EV: 16    Int:  5    God:    Okawaru [**....]
Gold:   345        SH:  0    Dex: 19    Spells: 4/9 levels left

rFire    . . .     SeeInvis .   o - +1 mace (protect)
rCold    . . .     Gourm    .   (no shield)
rNeg     . . .     Faith    .   m - +2 ring mail {rPois}
rPois    +         Spirit   +   c - +0 hat
rElec    .         Reflect  .   u - +0 cloak
rCorr    .         Harm     .   G - +0 pair of gloves
MR       .....                  (no boots)
Stlth    +.........             A - amulet of Yredelemnul's Outrage {Spirit Str+2}
HPRegen  0.24/turn              D - +4 ring of dexterity
MPRegen  0.11/turn              J - +2 ring of strength

@: marked, hasted, very quick
A: retaliatory headbutt, horns 2
a: Heroism, Renounce Religion


You were on level 8 of the Dungeon.
You worshipped Okawaru.
Okawaru was pleased with you.
You were very hungry.

You visited 2 branches of the dungeon, and saw 9 of its levels.
You also visited: Ossuary.

You collected 345 gold pieces.

Inventory:

Hand Weapons
 a - a +0 war axe
 o - a +1 mace of protection (weapon)
 z - a +2 mace of draining
Missiles
 d - 2 throwing nets (quivered)
Armour
 c - a +0 hat (worn)
 l - a +1 ring mail of fire resistance
 m - a +2 ring mail of poison resistance (worn)
 u - a +0 cloak (worn)
 G - a +0 pair of gloves (worn)
Jewellery
 A - the amulet of Yredelemnul's Outrage (around neck) {Spirit Str+2}
   (You found it on level 4 of the Dungeon)

   [amulet of guardian spirit]

   It causes incoming damage to be split between your health and magic.
   It affects your strength (+2).
 D - a +4 ring of dexterity (left hand)
 J - a +2 ring of strength (right hand)
Wands
 y - a wand of disintegration (13)
 C - a wand of flame (54)
Scrolls
 b - 8 scrolls of teleportation {unknown}
 h - 3 scrolls of remove curse
 i - a scroll of random uselessness {unknown}
 k - 2 scrolls of magic mapping {unknown}
 n - 3 scrolls of identify
 q - 2 scrolls of amnesia
 v - 2 scrolls of enchant weapon {unknown}
 x - 2 scrolls of immolation {unknown}
 B - a scroll of enchant armour {unknown}
Potions
 e - a potion of haste
 j - 2 potions of mutation {unknown}
 p - a potion of lignification {unknown}
 r - 3 potions of degeneration {unknown}
 s - a potion of ambrosia {unknown}
 t - a potion of heal wounds {unknown}
 w - 2 potions of invisibility {unknown}
 E - a potion of magic {unknown}
 F - a potion of might {unknown}
 H - 2 potions of agility
Comestibles
 f - 9 rations


   Skills:
 + Level 6.8 Fighting
 + Level 5.7(9.4) Axes
 + Level 11.5(12.0) Maces & Flails
 + Level 2.4 Throwing
 * Level 8.7 Armour
 + Level 7.0 Dodging
 + Level 0.6 Stealth


You had 4 spell levels left.
You knew the following spells:

 Your Spells              Type           Power        Failure   Level  Hunger
a - Blink                 Tloc           N/A          75%         2    ###....
b - Regeneration          Chrm/Necr      #.........   93%         3    ####...

Your spell library contained the following spells:

 Spells                   Type           Power        Failure   Level  Hunger
 Animate Skeleton         Necr           N/A          61%         1    ##.....
 Apportation              Tloc           #.....       61%         1    ##.....
 Confusing Touch          Hex            #.....       61%         1    ##.....
 Magic Dart               Conj           #...         61%         1    ##.....
 Pain                     Necr           #...         61%         1    ##.....
 Summon Small Mammal      Summ           #...         61%         1    ##.....
 Call Imp                 Summ           #.......     75%         2    ###....
 Slow                     Hex            #.......     75%         2    ###....
 Conjure Flame            Conj/Fire      #.......     93%         3    ####...
 Mephitic Cloud           Conj/Pois/Air  #.......     93%         3    ####...
 Vampiric Draining        Necr           #.........   93%         3    ####...
 Animate Dead             Necr           N/A          100%        4    #####..


Dungeon Overview and Level Annotations

Branches:
Dungeon (8/15)             Temple (1/1) D:6
   Lair: D:8-11

Altars:
Ashenzari
Cheibriados
Dithmenos
Elyvilon
Fedhas
Gozag
Hepliaklqana
Kikubaaqudgha
Makhleb
Nemelex Xobeh
Okawaru
Qazlal
Sif Muna
Trog
Vehumet
Wu Jian
Xom
Yredelemnul
Zin
The Shining One

Shops:
D:7 }

Annotations:
D:5 exclusion: oklob plant


Innate Abilities, Weirdness & Mutations

You reflexively headbutt those who attack you in melee.
You have a pair of horns on your head.


Message History

The bullfrog completely misses you. You furiously retaliate!
You headbutt the bullfrog.
Unknown command.
Okay, then.
Unknown command.
You feel better. The death yak gores you!
* * * LOW HITPOINT WARNING * * *
The bullfrog hits you but does no damage.
The death yak snorts and paws the ground.
The death yak gores you but does no damage.
Unknown command.
You feel better.
The bullfrog hits you but does no damage.
The death yak closely misses you. The death yak gores you.
* * * LOW HITPOINT WARNING * * *
The bullfrog hits you.
* * * LOW HITPOINT WARNING * * *
Unknown command.
You feel yourself speed up. The death yak gores you.
You die...

#....Y.###......#
#....).# ##.Y...#
#.......####..Y<.#
#.......#........#
..........######Y##
##.8.8.8.. #YY.#
#.........


#YYY# #.........# #FYY# #....%.#..# #.@.# ##### You could see 7 death yaks, an
ice beast and a bullfrog.

Vanquished Creatures
  Harold (D:8)
  A two-headed ogre (D:6)
  Prince Ribbit (D:7)
  Eustachio (D:4)
  A water moccasin (D:4)
  Duvessa (D:7)
  2 ice beasts (D:6)
  2 phantoms
  A sky beast (D:7)
  A black bear (D:5)
  2 ogres
  A centaur (D:7)
  6 bullfrogs
  An elf zombie (Ossuary)
  Dowan (D:7)
  A wyvern skeleton (D:7)
  A scorpion (D:6)
  7 howler monkeys
  A crimson imp (D:6)
  A human zombie (Ossuary)
  3 bullfrog zombies
  2 orc priests
  2 bullfrog skeletons (D:8)
  2 centaur zombies (Ossuary)
  5 hounds
  3 centaur skeletons
  6 orc wizards
  Ijyb (D:4)
  2 iguanas
  5 worker ants
  A big kobold zombie (Ossuary)
  3 hound skeletons
  2 hound zombies
  2 mummies (Ossuary)
  3 gnolls (D:5)
  5 adders
  A shadow imp (D:5)
  An ooze (D:2)
  3 adder skeletons
  2 adder zombies
  2 worms
  12 dart slugs
  7 leopard geckos
  16 orcs
  2 bat zombies (D:5)
  6 giant cockroaches
  6 goblins
  6 hobgoblins (D:1)
  9 jackals
  4 kobolds
  11 quokkas
  6 bats
  A frilled lizard (D:1)
  A goblin zombie (Ossuary)
  5 hobgoblin zombies (Ossuary)
  A jackal skeleton (D:4)
  A jackal zombie (Ossuary)
  18 kobold zombies (Ossuary)
  A leopard gecko skeleton (D:4)
  5 orc zombies (Ossuary)
  A quokka skeleton (D:4)
  5 rats
  A rat zombie (Ossuary)
215 creatures vanquished.

Vanquished Creatures (others)
  21 toadstools (D:5)
21 creatures vanquished.

Grand Total: 236 creatures vanquished

Notes
Turn   | Place    | Note
-------+----------+-------------------------------------------
     0 | D:1      | dvd the Minotaur Gladiator began the quest for the Orb.
     0 | D:1      | Reached XP level 1. HP: 18/18 MP: 0/0
   157 | D:1      | Reached XP level 2. HP: 24/25 MP: 1/1
   532 | D:2      | Reached XP level 3. HP: 26/30 MP: 2/2
   643 | D:2      | Found a shimmering altar of Xom.
   732 | D:2      | Found a hazy altar of Hepliaklqana.
   887 | D:2      | Reached skill level 1 in Armour
   943 | D:2      | Reached XP level 4. HP: 33/37 MP: 3/3
  1272 | D:3      | Reached skill level 5 in Axes
  1364 | D:3      | Found an opulent altar of Gozag.
  1457 | D:3      | Noticed a phantom
  1717 | D:3      | Killed a phantom
  1717 | D:3      | Reached skill level 1 in Maces & Flails
  1717 | D:3      | Reached XP level 5. HP: 33/44 MP: 4/4
  2217 | D:4      | Reached XP level 6. HP: 43/51 MP: 5/5
  2382 | D:4      | Reached skill level 2 in Maces & Flails
  2688 | D:4      | Noticed Ijyb
  2735 | D:4      | Killed Ijyb
  2735 | D:4      | Reached skill level 3 in Maces & Flails
  2878 | D:4      | Noticed Eustachio
  2883 | D:4      | Killed Eustachio
  2883 | D:4      | Reached skill level 4 in Maces & Flails
  2883 | D:4      | Reached XP level 7. HP: 41/57 MP: 6/6
  3074 | D:4      | Reached skill level 5 in Maces & Flails
  3074 | D:4      | Reached skill level 5 in Armour
  3094 | D:4      | Got a clouded crystal amulet
  3096 | D:4      | Found a bloodstained altar of Trog.
  3102 | D:4      | Identified the amulet of Yredelemnul's Outrage {Spirit
                  | Str+2} (You found it on level 4 of the Dungeon)
  3553 | D:5      | Entered Level 5 of the Dungeon
  3563 | D:5      | Found a shattered altar of Ashenzari.
  3579 | D:5      | Reached skill level 5 in Dodging
  3688 | D:5      | Found an ancient bone altar of Kikubaaqudgha.
  3926 | D:5      | Reached skill level 6 in Maces & Flails
  3926 | D:5      | Reached XP level 8. HP: 66/66 MP: 7/7
  4008 | D:5      | Found a blossoming altar of Fedhas.
  4027 | D:5      | Noticed an oklob plant
  4361 | D:6      | Reached skill level 7 in Maces & Flails
  4547 | D:6      | Noticed a two-headed ogre
  4558 | D:6      | Killed a two-headed ogre
  4558 | D:6      | Reached skill level 5 in Fighting
  4558 | D:6      | Reached skill level 9 in Maces & Flails
  4558 | D:6      | Reached XP level 9. HP: 45/74 MP: 4/8
  5158 | D:6      | Found a staircase to the Ecumenical Temple.
  5171 | Temple   | Entered the Ecumenical Temple
  5190 | Temple   | Became a worshipper of Warmaster Okawaru
  5431 | D:7      | Found a sand-covered staircase.
  5436 | Ossuary  | Entered an ossuary
  5760 | D:7      | Learned a level 2 spell: Blink
  5933 | D:7      | Noticed Prince Ribbit
  5938 | D:7      | Killed Prince Ribbit
  5938 | D:7      | Reached skill level 10 in Maces & Flails
  5969 | D:7      | Noticed Duvessa
  5969 | D:7      | Noticed Dowan
  5978 | D:7      | Killed Duvessa
  5984 | D:7      | Reached * piety under Okawaru
  5986 | D:7      | Killed Dowan
  6014 | D:7      | Learned a level 3 spell: Regeneration
  6094 | D:7      | Found Amo Zaes's Gadget Emporium.
  6159 | D:7      | Found a deep blue altar of Sif Muna.
  6160 | D:7      | Found an ornate altar of the Wu Jian Council.
  6162 | D:7      | Found a shattered altar of Ashenzari.
  6418 | D:7      | Found a snail-covered altar of Cheibriados.
  6637 | D:8      | Noticed Harold
  6663 | D:8      | Killed Harold
  6663 | D:8      | Reached ** piety under Okawaru
  6663 | D:8      | Reached skill level 11 in Maces & Flails
  6663 | D:8      | Reached XP level 10. HP: 43/84 MP: 4/9
  6689 | D:8      | Noticed a death yak
  6693 | D:8      | Noticed a death yak
  6698 | D:8      | Noticed a death yak
  6701 | D:8      | Noticed a death yak
  6701 | D:8      | Noticed a death yak
  6701 | D:8      | Noticed a death yak
  6702 | D:8      | Noticed a death yak
  6720 | D:8      | HP: 4/84 [death yak (9)]
  6722 | D:8      | HP: 1/84 [bullfrog (5)]
  6723 | D:8      | Slain by a death yak

Skill      XL: |  1  2  3  4  5  6  7  8  9 10 |
---------------+-------------------------------+-----
Axes           | 4 5 |  5.7
Dodging        | 4 5 6 7 |  7.0
Armour         | 1 3 4 5 7 8 |  8.7
Maces & Flails | 1 4 6 9 11 | 11.5
Fighting       | 3 4 5 6 |  6.8
Throwing       | |  2.4
Stealth        | |  0.6

Action                   |  1- 3 |  4- 6 |  7- 9 | 10-12 || total
-------------------------+-------+-------+-------+-------++-------
Melee: War axe           |    66 |     7 |       |       ||    73
       Headbutt          |     5 |    36 |   112 |     7 ||   160
       Mace              |       |   145 |   376 |    31 ||   552
       Punch             |       |       |     1 |     1 ||     2
Throw: Throwing net      |       |       |     2 |       ||     2
Invok: Heroism           |       |       |     1 |     1 ||     2
  Use: Potion            |       |       |       |     5 ||     5
       Scroll            |       |       |       |     3 ||     3
  Eat: Chunk             |       |     6 |    12 |       ||    18
Armor: Ring mail         |    20 |    60 |   117 |    19 ||   216
       Chain mail        |     5 |       |       |       ||     5
Dodge: Dodged            |    48 |   102 |   254 |    41 ||   445
